 Dungeon Crawl Stone Soup version 0.31-a0-618-g7ca08c1ff9 (webtiles) character file.

Game seed: 1485714159040506768

3978 Fodor the Cleaver (level 10, -4/82 (88) HPs)
             Began as a Minotaur Fighter on Aug 22, 2023.
             Was an Initiate of Gozag.
             Slain by Jeremiah
             ... wielding a +2 trident of draining
              (5 damage)
             ... on level 8 of the Dungeon.
             The game lasted 00:34:30 (8744 turns).

Fodor the Cleaver (Minotaur Fighter)                Turns: 8744, Time: 00:34:32

HP:   -4/82 (88)    AC: 17    Str: 25    XL:     10   Next: 2%
MP:   9/9           EV:  8    Int:  5    God:    Gozag
Gold: 760           SH:  5    Dex: 10    Spells: 9/9 levels left

rFire   . . .        m - +0 war axe (elec)
rCold   . . .        c - +0 buckler
rNeg    . . .        u - +0 plate armour
rPois   .            (helmet restricted)
rElec   .            w - +0 cloak
rCorr   .            (no gloves)
SInv    .            B - +0 pair of boots
Will    .....        (no amulet) Stlth
                     i - ring of flight
HPRegen 0.33/turn    (no ring)
MPRegen 0.11/turn

%: no passive effects
@: flying, drained
A: horns 2, retaliatory headbutt
a: Renounce Religion, Potion Petition, Call Merchant, Bribe Branch


You were on level 8 of the Dungeon.
You worshipped Gozag.
Gozag was pleased with you.
You visited 1 branch of the dungeon, and saw 8 of its levels.

You collected 1000 gold pieces.
You spent 159 gold pieces at shops.
You paid 81 gold pieces to Gozag.

Inventory:

Hand Weapons
 m - a +0 war axe of electrocution (weapon)
 v - a +0 battleaxe
 x - a +4 trident
 y - a +0 shortbow
 D - a +3 great sword
Missiles
 b - a javelin (quivered)
 o - a throwing net
Armour
 c - a +0 buckler (worn)
 u - a +0 plate armour (worn)
 w - a +0 cloak (worn)
 B - a +0 pair of boots (worn)
Jewellery
 a - a ring of wizardry
 i - a ring of flight (left hand)
Talismans
 r - a flux talisman
 z - a talisman of death
Wands
 n - a wand of light (8)
 A - a wand of charming (2)
 E - a wand of roots (7)
 F - a wand of flame (14)
Scrolls
 f - 3 scrolls of teleportation
 h - 4 scrolls of blinking
 s - a scroll of fog
 C - a scroll of poison
Potions
 d - a potion of might
 e - 2 potions of enlightenment {unknown}
 g - 5 potions of curing
 j - 3 potions of heal wounds
 k - 4 potions of lignification
 l - a potion of berserk rage {unknown}
 p - a potion of brilliance {unknown}
 t - a potion of magic {unknown}


   Skills:
 + Level 7.7 Fighting
 + Level 3.5 Long Blades
 + Level 10.4 Axes
 + Level 9.9 Armour
 + Level 3.4 Dodging
 + Level 2.1 Stealth
 + Level 6.2 Shields


You had 9 spell levels left.
You didn't know any spells.
Your spell library contained the following spells:

 Spells                   Type           Power      Damage    Failure   Level
 Sandblast                Erth           0%         2d4       100%        1
 Sting                    Tmut/Pois      0%         1d3       100%        1
 Passwall                 Tmut/Erth      0%         N/A       100%        2
 Poisonous Vapours        Pois/Air       0%         N/A       100%        2
 Call Canine Familiar     Summ           0%         N/A       100%        3
 Mephitic Cloud           Conj/Pois/Air  0%         N/A       100%        3
 Portal Projectile        Hex/Tloc       0%         N/A       100%        3
 Stone Arrow              Conj/Erth      0%         3d7       100%        3
 Leda's Liquefaction      Hex/Erth       0%         N/A       100%        4
 Olgreb's Toxic Radiance  Pois           0%         N/A       100%        4
 Fireball                 Conj/Fire      0%         3d3       100%        5
 Freezing Cloud           Conj/Ice/Air   0%         6-21      100%        5
 Iskenderun's Battlesphe  Conj           0%         2d6       100%        5
 Summon Forest            Summ/Tloc      0%         N/A       100%        5
 Conjure Ball Lightning   Conj/Air       0%         3x3d6     100%        6
 Eringya's Noxious Bog    Tmut/Pois      0%         4d6       100%        6
 Orb of Destruction       Conj           0%         9d5       100%        7
 Summon Hydra             Summ           0%         N/A       100%        7


Dungeon Overview and Level Annotations

Branches:
Dungeon (8/15)             Temple (0/1) D:4
   Lair: D:8-11

Altars:
Cheibriados
Dithmenos
Fedhas
Gozag
Kikubaaqudgha
Nemelex Xobeh
Qazlal
Uskayaw
Wu Jian

Shops:
D:1 :   D:4 *

Annotations:
D:8 Jeremiah


Innate Abilities, Weirdness & Mutations

You have a pair of horns on your head.
You reflexively headbutt those who attack you in melee.


Message History

Jeremiah lets out a twisted cry.
Something smites you! You block Jeremiah's attack.
You barely miss the butterfly. Your headbutt misses the butterfly.
You block Jeremiah's attack.
You closely miss the butterfly. Your headbutt misses the butterfly.
Jeremiah says, "I don't want to hurt you.
Just - go!
Run!"
Jeremiah hits you from afar with a +2 trident of draining!
* * * LOW HITPOINT WARNING * * *
You feel drained.
* * * LOW HITPOINT WARNING * * *
You slash the butterfly!
You kill the butterfly!
The butterfly disappears in a burst of colours!
Jeremiah misses you.
You closely miss the butterfly.
Jeremiah hits you from afar with a +2 trident of draining.
* * * LOW HITPOINT WARNING * * *
You feel drained.
* * * LOW HITPOINT WARNING * * *
You miss the butterfly. Your headbutt misses the butterfly.
The butterfly disappears in a burst of colours!
Jeremiah hits you but does no damage.
You feel drained.
You closely miss the butterfly. Your headbutt misses the butterfly.
Jeremiah lets out a twisted cry.
Something smites you!
* * * LOW HITPOINT WARNING * * *
You miss the butterfly.
The butterfly disappears in a burst of colours!
Jeremiah hits you from afar with a +2 trident of draining.
* * * LOW HITPOINT WARNING * * *
You feel drained.
* * * LOW HITPOINT WARNING * * *
You hit the butterfly.
You kill the butterfly!
The butterfly disappears in a burst of colours! x2
Jeremiah hits you from afar with a +2 trident of draining.
You die...
Jeremiah asks, "What happened?
Did... did you die?"
Your body crumbles into a pile of gold.

..S~~~ā‰ˆ ##.##
..~~~~~..## .....
..Sā‰ˆ~~....##
.....
##.S..~.~.....
...## #..$.......<
#.# #.... ... ..#
#.# #.b# #.# #.#
###$#####bb#####.#
#.#
#......@bF.bbbb..#
#.#
#########b..b.##.#
#.# #####.##.# #.#
#.##.####.##
#...........
#.#######.## #.#
#.# ### ###


You could see Jeremiah.

Vanquished Creatures
  Grinder (D:6)
  Sigmund (D:3)
  2 vampire mosquitoes (D:8)
  3 water moccasins (D:6)
  2 ice beasts
  3 black bears
  2 orc warriors
  2 wolves (D:8)
  3 ogres
  3 centaurs
  The ghost of gebbletook2 the Insei, an amateur OpSh (D:3)
  A phantom (D:7)
  2 bullfrogs
  6 scorpions
  8 wights
  2 howler monkeys (D:6)
  4 jellies
  2 hounds (D:5)
  An orc priest (D:7)
  2 sleepcaps
  Natasha (thrice) (D:2)
  4 iguanas
  2 orc wizards
  7 adders
  A white imp (D:7)
  An ufetubus (D:6)
  2 worms
  4 dart slugs
  17 orcs
  3 ball pythons
  6 bats
  5 endoplasms
  6 giant cockroaches
  9 hobgoblins
  6 jackals (D:4)
  6 kobolds
  3 quokkas
  3 frilled lizards
  4 goblins
  A rat (D:1)
144 creatures vanquished.

Notes
Turn   | Place    | Note
-------+----------+-------------------------------------------
     0 | D:1      | Fodor the Minotaur Fighter began the quest for the Orb.
     0 | D:1      | Reached XP level 1. HP: 19/19 MP: 0/0
   173 | D:1      | Reached XP level 2. HP: 27/27 MP: 1/1
   446 | D:1      | Found Xinuel Tead's Book Shoppe.
   569 | D:1      | Found a faded altar of an unknown god.
   627 | D:1      | Reached XP level 3. HP: 32/33 MP: 2/2
   795 | D:2      | Noticed Natasha
   797 | D:2      | Killed Natasha
   915 | D:2      | Noticed Natasha
   923 | D:2      | Killed Natasha
   924 | D:2      | Reached XP level 4. HP: 39/41 MP: 3/3
  1376 | D:2      | Reached skill level 1 in Dodging
  1415 | D:2      | Noticed Natasha
  1423 | D:2      | Killed Natasha
  1424 | D:2      | Reached XP level 5. HP: 23/47 MP: 4/4
  1915 | D:3      | Found a hide-covered altar of Uskayaw.
  2303 | D:3      | Found a runed translucent gate.
  2303 | D:3      | Noticed gebbletook2's ghost (amateur OpSh)
  2304 | D:3      | Found a runed translucent gate.
  2305 | D:3      | Found a runed translucent gate.
  2314 | D:3      | Killed gebbletook2's ghost
  2315 | D:3      | Reached skill level 1 in Axes
  2627 | D:3      | Noticed Sigmund
  2638 | D:3      | Killed Sigmund
  2639 | D:3      | Reached skill level 2 in Axes
  2639 | D:3      | Reached skill level 5 in Armour
  2639 | D:3      | Reached skill level 5 in Shields
  2639 | D:3      | Reached XP level 6. HP: 50/55 MP: 5/5
  2690 | D:3      | Reached skill level 3 in Axes
  2911 | D:4      | Reached skill level 5 in Fighting
  3128 | D:4      | Found a stormy altar of Qazlal.
  3128 | D:4      | Found a shadowy altar of Dithmenos.
  3128 | D:4      | Found an ancient bone altar of Kikubaaqudgha.
  3136 | D:4      | Found an ornate altar of the Wu Jian Council.
  3146 | D:4      | Found a snail-covered altar of Cheibriados.
  3150 | D:4      | Found a blossoming altar of Fedhas.
  3152 | D:4      | Found a sparkling altar of Nemelex Xobeh.
  3153 | D:4      | Found an opulent altar of Gozag.
  3163 | D:4      | Became a worshipper of Gozag Ym Sagoz the Greedy
  3203 | D:4      | Reached skill level 4 in Axes
  3203 | D:4      | Reached XP level 7. HP: 47/61 MP: 6/6
  3470 | D:4      | Found Abreikh's General Store.
  3478 | D:4      | Bought a potion of curing for 33 gold pieces
  3478 | D:4      | Bought 2 potions of lignification for 66 gold pieces
  3478 | D:4      | Bought a potion of degeneration for 11 gold pieces
  3648 | D:5      | Entered Level 5 of the Dungeon
  3707 | D:5      | Reached skill level 1 in Stealth
  3731 | D:5      | Reached skill level 5 in Axes
  4327 | D:5      | Reached XP level 8. HP: 62/68 MP: 7/7
  4474 | D:5      | Reached skill level 6 in Axes
  5007 | D:6      | Noticed Grinder
  5010 | D:6      | Paralysed by Grinder for 2 turns
  5015 | D:6      | Paralysed by Grinder for 4 turns
  5025 | D:6      | Killed Grinder
  5026 | D:6      | Reached skill level 7 in Axes
  5233 | D:6      | Reached skill level 8 in Axes
  5268 | D:6      | Reached XP level 9. HP: 35/78 MP: 8/8
  5619 | D:6      | Reached skill level 9 in Axes
  7360 | D:4      | Bought a +0 pair of boots for 49 gold pieces
  7372 | D:4      | Found a staircase to the Ecumenical Temple.
  8077 | D:7      | Reached skill level 10 in Axes
  8576 | D:8      | Reached XP level 10. HP: 88/88 MP: 9/9
  8730 | D:8      | Noticed Jeremiah
  8743 | D:8      | HP: 2/84 [Jeremiah/+2 trident of draining (3)]
  8744 | D:8      | Slain by Jeremiah

Illustrated notes

Levels and vault maps discovered:
D:1:      dpeg_arrival_rooms_b, layout_basic, shapermc_ecumenical_altar_petra,
          serial_shops, shop
D:2:      layout_basic, uniq_natasha
D:3:      layout_loops_ring, lemuel_round_altar, ebering_ghost_rock_garden,
          uniq_sigmund
D:4:      layout_basic, nicolae_overflow_hallway_of_the_gods,
          minmay_temple_entry_crystal_x, serial_shops, nicolae_stop_n_shop_1,
          corexii_item_surrounded_by_moat
D:5:      layout_basic, serial_bayou_pond_c, chequers_garden,
          chequers_serial_rivers_large_b
D:6:      layout_basic, minmay_increasing_density, uniq_grinder
D:7:      layout_loops_ring
D:8:      lemuel_insect_pit, layout_basic, serial_ice, serial_ice_l,
          serial_ice_f, serial_ice_h, serial_ice_e, nicolae_shop_clearance,
          uniq_jeremiah, uniq_grum

Skill      XL: |  1  2  3  4  5  6  7  8  9 |
---------------+----------------------------+-----
Shields        | 4 5 6 |  6.2
Fighting       | 4 5 6 7 |  7.7
Armour         | 4 5 6 7 9 |  9.9
Long Blades    | 3 |  3.5
Dodging        | 1 2 3 |  3.4
Axes           | 2 4 5 8 10 | 10.4
Stealth        | 1 2 |  2.1

Action                     |  1- 3 |  4- 6 |  7- 9 | 10-12 || total
---------------------------+-------+-------+-------+-------++-------
  Melee: Long sword        |    44 |       |       |       ||    44
         Headbutt          |    12 |    12 |    35 |       ||    59
         War axe           |     6 |    87 |   219 |    13 ||   325
  Throw: Javelin           |       |       |       |     5 ||     5
    Use: Scroll            |       |       |     6 |       ||     6
 Armour: Scale mail        |    29 |    59 |    17 |       ||   105
         Plate armour      |       |       |   116 |     5 ||   121
  Dodge: Dodged            |    29 |    58 |    91 |     6 ||   184
  Block: Buckler           |    12 |    38 |    46 |     3 ||    99

Table legend: (Time is in decaauts)
 A = Elapsed time spent in this place.
 B = Non-inter-level travel time spent in this place.
 C = Inter-level travel time spent in this place.
 D = Time resting spent in this place.
 E = Time spent auto-exploring this place.
 F = Levels seen in this place.
 G = Mean time per level.
                   A        B        C        D        E       F      G
               +--------+--------+--------+--------+--------+-----+--------+
         Total |   8836 |   8358 |    478 |   2280 |      0 |   8 | 1104.5 |
       Dungeon |   8836 |   8358 |    478 |   2280 |      0 |   8 | 1104.5 |
               +--------+--------+--------+--------+--------+-----+--------+

Top non-repeatable levels by time:
     D:3: 2275 daAuts
     D:6: 1463 daAuts
     D:2: 1212 daAuts
     D:5: 1177 daAuts
     D:4: 871 daAuts
     D:7: 774 daAuts
     D:1: 736 daAuts
     D:8: 326 daAuts
